 Dungeon Crawl Stone Soup version 0.23.2-1-ga50397a (webtiles) character file.

Game seed: 788401954043614375

392 Fang the Skirmisher (level 6, -7/60 HPs)
             Began as a Gargoyle Berserker on May 14, 2019.
             Was a Priest of Trog.
             Mangled by an ogre
             ... wielding a +0 giant club
              (16 damage)
             ... on level 4 of the Dungeon.
             The game lasted 00:03:53 (4418 turns).

Fang the Skirmisher (Gargoyle Berserker)            Turns: 4418, Time: 00:03:53

Health: -7/60      AC: 13    Str: 27    XL:     6   Next: 80%
Magic:  6/6        EV:  9    Int:  8    God:    Trog [***...]
Gold:   175        SH:  0    Dex:  9    Spells: 5/5 levels left

rFire    . . .     SeeInvis .   a - +0 hand axe
rCold    . . .     Gourm    .   (no shield)
rNeg     + . .     Faith    .   b - +0 chain mail
rPois    ∞         Spirit   .   (no helmet)
rElec    +         Reflect  .   (no cloak)
rCorr    .         Harm     .   (no gloves)
MR       .....                  (no boots)
Stlth    ..........             (no amulet)
HPRegen  0.20/turn              (no ring)
MPRegen  0.10/turn              (no ring)

@: berserking, very quick
A: negative energy resistance 1, electricity resistance, unbreathing,
petrification resistance, rot immunity, AC +4
a: Berserk, Trog's Hand, Renounce Religion


You were on level 4 of the Dungeon.
You worshipped Trog.
Trog was most pleased with you.
You were very hungry.

You visited 1 branch of the dungeon, and saw 4 of its levels.

You collected 175 gold pieces.

Inventory:

Hand Weapons
 a - a +0 hand axe (weapon)
Armour
 b - a +0 chain mail (worn)
Wands
 n - a wand of digging (6)
Scrolls
 e - 3 scrolls of identify {unknown}
 g - a scroll of blinking {unknown}
 h - a scroll of teleportation {unknown}
 j - 6 scrolls of remove curse {unknown}
 m - 2 scrolls of magic mapping {unknown}
 o - a scroll of fog {unknown}
 p - a scroll of immolation {unknown}
Potions
 d - 5 potions of curing {unknown}
 f - a potion of ambrosia {unknown}
 i - 2 potions of heal wounds
 k - 3 potions of flight {unknown}
 q - a potion of brilliance {unknown}
Comestibles
 c - 6 rations
 l - 12 chunks of flesh


   Skills:
 + Level 4.9 Fighting
 + Level 4.0 Axes
 + Level 4.2 Armour
 + Level 3.1 Dodging


You had 5 spell levels left.
You didn't know any spells.
Your spell library was empty.

Dungeon Overview and Level Annotations

Branches:
Dungeon (4/15)
 Temple: D:4-7

Altars:
Elyvilon
Hepliaklqana
Yredelemnul


Innate Abilities, Weirdness & Mutations

You are resistant to torment.
Your stone body is resilient. (AC +4)
You are immune to poison.
You resist negative energy. (rN+)
You are resistant to electric shocks. (rElec)
You can survive without breathing.
You are immune to petrification.
You are immune to rotting.


Message History

Your chain mail prevents you from hitting the gnoll.
The gnoll barely misses you.
The gnoll hits you from afar with a +0 spear.
* * * LOW HITPOINT WARNING * * *
The ogre hits you with a +0 giant club!
* * * LOW HITPOINT WARNING * * *
You hit the ogre.
The ogre is lightly wounded.
You slash the gnoll! You closely miss the gnoll. The gnoll barely misses you.
The gnoll hits you from afar with a +2 halberd of protection.
* * * LOW HITPOINT WARNING * * *
The gnoll hits you but does no damage. x2
You hit the ogre.
The ogre is moderately wounded.
You hit the gnoll. x2
You kill the gnoll!
Trog accepts your kill.
Trog will now gift you ammunition as you gain piety.
The ogre hits you with a +0 giant club!
You die...

.....................
.....#>.......#
....#........# #
#..........#
#######........#
.............[.####
###...)..........%#
:...##..#.####....###
....###...# ##.@gg.#
....#....... ##O)......
............. ..g......
.........?... $......#.#
.....#..#...#..#........
....#. ....#....#.#
...## ##### #####.# ...#
...#


You could see an ogre and 3 gnolls.

Vanquished Creatures
  A hound (D:4)
  An orc priest (D:4)
  3 orc wizards (D:4)
  Natasha (thrice) (D:2)
  Terence (D:3)
  A hound skeleton (D:4)
  4 adders (D:2)
  A gnoll (D:4)
  An ooze (D:1)
  4 worms
  6 dart slugs
  4 leopard geckos
  2 orcs
  A giant cockroach (D:2)
  7 goblins
  7 hobgoblins
  9 jackals
  A quokka (D:2)
  3 ball pythons
  6 bats
  5 frilled lizards
  A jackal skeleton (D:4)
  9 kobolds
  6 rats
87 creatures vanquished.

Notes
Turn   | Place    | Note
-------+----------+-------------------------------------------
     0 | D:1      | Fang the Gargoyle Berserker began the quest for the Orb.
     0 | D:1      | Reached XP level 1. HP: 14/14 MP: 1/1
   131 | D:1      | Reached XP level 2. HP: 7/19 MP: 2/2
   901 | D:1      | Reached XP level 3. HP: 19/23 MP: 3/3
  1706 | D:2      | Found a basalt altar of Yredelemnul.
  1781 | D:2      | Noticed Natasha
  1790 | D:2      | Killed Natasha
  1790 | D:2      | Reached XP level 4. HP: 29/29 MP: 4/4
  1932 | D:2      | Reached ** piety under Trog
  2223 | D:2      | Found a hazy altar of Hepliaklqana.
  2230 | D:2      | Reached XP level 5. HP: 21/33 MP: 5/5
  2576 | D:2      | Found a white marble altar of Elyvilon.
  2702 | D:2      | Noticed Natasha
  2716 | D:2      | Killed Natasha
  3485 | D:2      | Noticed Natasha
  3494 | D:2      | Killed Natasha
  3660 | D:3      | Noticed Terence
  3672 | D:3      | Killed Terence
  3883 | D:3      | Reached XP level 6. HP: 32/39 MP: 6/6
  4418 | D:4      | Reached *** piety under Trog
  4418 | D:4      | Mangled by an ogre

Skill      XL: |  1  2  3  4  5  6 |
---------------+-------------------+-----
Axes           | 3 4 |  4.0
Dodging        | 2 3 |  3.1
Armour         | 3 4 |  4.2
Fighting       | 4 |  4.9

Action                   |  1- 3 |  4- 6 || total
-------------------------+-------+-------++-------
Melee: Hand axe          |   107 |   234 ||   341
Invok: Berserk           |     1 |     3 ||     4
 Stab: Sleeping          |     1 |       ||     1
  Eat: Chunk             |     3 |     8 ||    11
       Ration            |       |     1 ||     1
Armor: Animal skin       |    37 |    37 ||    74
       Chain mail        |       |    53 ||    53
Dodge: Dodged            |    74 |   176 ||   250
